 Dungeon Crawl Stone Soup version 0.30-a0-793-g160f7cfddd (webtiles) character file.

Game seed: 13097255398367677166

1 BubbleThief the Conjurer (level 1, 0/14 HPs)
             Began as a Draconian Conjurer on Feb 20, 2023.
             Slain by a ball python (1 damage)
             ... on level 1 of the Dungeon.
             The game lasted 00:00:45 (56 turns).

BubbleThief the Conjurer (Draconian Conjurer)         Turns: 56, Time: 00:00:46

Health: 0/14       AC:  4    Str:  9    XL:     1   Next: 16%
Magic:  0/3        EV: 12    Int: 18    God:
Gold:   0          SH:  0    Dex:  9    Spells: 3/4 levels left

rFire   . . .      SeeInvis .    (no weapon)
rCold   . . .      Faith    .    (no shield)
rNeg    . . .      Spirit   .    (body armour unavailable)
rPois   .          Reflect  .    (helmet restricted)
rElec   .          Harm     .    (no cloak)
rCorr   .          Rampage  .    (no gloves)
Will    .....                    (no boots)
Stlth   ++                       (no amulet)
HPRegen 0.22/turn                (no ring)
MPRegen 0.08/turn                (no ring)

@: no status effects
A: AC +4, unfitting armour, cold-blooded
a: no special abilities


You were on level 1 of the Dungeon.
You visited 1 branch of the dungeon, and saw 1 of its levels.

Inventory:

Potions
 a - a potion of magic


   Skills:
 - Level 1.7 Dodging
 - Level 1.7 Stealth
 + Level 2.0 Spellcasting
 * Level 4.0 Conjurations


You had 3 spell levels left.
You knew the following spells:

 Your Spells              Type           Power      Damage    Failure   Level
a - Magic Dart            Conj           64%        1d6       3%          1

Your spell library contained the following spells:

 Spells                   Type           Power      Damage    Failure   Level
 Searing Ray              Conj           32%        2d5       5%          2
 Dazzling Flash           Conj/Hex       18%        N/A       24%         3
 Fulminant Prism          Conj/Hex       4%         3d5       61%         4
 Iskenderun's Mystic Bla  Conj/Tloc      9%         2d4       61%         4


Dungeon Overview and Level Annotations

Branches:
Dungeon (1/15)

Altars:


Innate Abilities, Weirdness & Mutations

Your plain brown scales are hard. (AC +4)
You cannot fit into any form of body armour.
You are cold-blooded and may be slowed by cold attacks.


Message History

The ball python closely misses you. x2; The endoplasm barely misses you.
The endoplasm attacks as you move away! The endoplasm barely misses you.
The ball python attacks as you move away!
The ball python barely misses you. The ball python closely misses you.
The endoplasm jiggles.
The ball python bites you. The ball python grabs you.
The ball python constricts you.
You escape the ball python's grasp.
The bat barely misses you.
The ball python attacks as you move away!
The ball python bites you. The ball python barely misses you.
The ball python barely misses you. x2
The bat hits you but does no damage. The bat hits you.
Aiming: Magic Dart (safe; 3% risk of failure)
Press: ? - help, Q - select action Shift-Dir - straight line, f/p - endoplasm
Aim: an endoplasm (almost dead, 100% to hit)
The magic dart hits the bat.
The bat is moderately wounded.
The bat barely misses you. x2
The bat attacks as you move away! The bat closely misses you.
The bat barely misses you. The bat attacks as you move away!
The bat completely misses you. The bat hits you but does no damage.
The bat hits you but does no damage. The bat attacks as you move away!
The bat hits you but does no damage. The bat hits you.
The bat closely misses you. The bat attacks as you move away! The bat hits you.
* * * LOW HITPOINT WARNING * * *
The ball python attacks as you move away!
The ball python bites you but does no damage.
The ball python barely misses you. The bat closely misses you.
The bat hits you but does no damage.
The ball python attacks as you move away!
The ball python bites you.
* * * LOW HITPOINT WARNING * * *
The ball python barely misses you. The bat barely misses you.
The ball python attacks as you move away!
The ball python bites you.
You die...

#. #.####..# #....#..##
#..#...... #.......#
###..##.# ........####
#.J..@..# .######
####.#.Sb#.#
.......##........#.####
#.....##'''##....#
.......###.#.....#....#
....... #.#..<..#....#
....)..###.#.....#....#
...S...#...#.....#....#
...#####.#.##+++##.####


You could see an endoplasm, a bat and a ball python.

Vanquished Creatures
  A goblin (D:1)
1 creature vanquished.

Notes
Turn   | Place    | Note
-------+----------+-------------------------------------------
     0 | D:1      | BubbleThief the Draconian Conjurer began the quest for the
                  | Orb.
     0 | D:1      | Reached XP level 1. HP: 14/14 MP: 3/3
    56 | D:1      | Slain by a ball python

Illustrated notes

Levels and vault maps discovered:
D:1:      dpeg_arrival_windows_large_door, layout_loops_cross

Action                     || total
---------------------------++-------
  Melee: Unarmed           ||     2
   Cast: Magic Dart        ||     6
 Armour: Skin              ||    12
  Dodge: Dodged            ||    35

Table legend: (Time is in decaauts)
 A = Elapsed time spent in this place.
 B = Non-inter-level travel time spent in this place.
 C = Inter-level travel time spent in this place.
 D = Time resting spent in this place.
 E = Time spent auto-exploring this place.
 F = Levels seen in this place.
 G = Mean time per level.
                   A        B        C        D        E       F      G
               +--------+--------+--------+--------+--------+-----+--------+
         Total |     59 |     59 |      0 |      0 |      8 |   1 |   59.0 |
       Dungeon |     59 |     59 |      0 |      0 |      8 |   1 |   59.0 |
               +--------+--------+--------+--------+--------+-----+--------+

Top non-repeatable levels by time:
     D:1: 59 daAuts
